 Dungeon Crawl Stone Soup version 0.30.0-11-gf55b779eaf (webtiles) character file.

Game seed: 3002990528916115147

61028 Sobieck the Bludgeoner (level 15, -16/100 HPs)
             Began as a Gargoyle Fighter on May 15, 2023.
             Was a High Priest of the Shining One.
             Killed from afar by a fire giant (53 damage)
             ... with a bolt of fire
             ... on level 12 of the Dungeon on May 16, 2023.
             The game lasted 00:45:49 (16614 turns).

Sobieck the Bludgeoner (Gargoyle Fighter)          Turns: 16614, Time: 00:45:50

Health: -16/100    AC: 29    Str: 29    XL:     15   Next: 1%
Magic:  21/21      EV: 10    Int: 12    God:    the Shining One [*****.]
Gold:   914        SH: 13    Dex:  9    Spells: 14/14 levels left

rFire   . . .        a - +1 morningstar (protect) {mace}
rCold   . . .        X - +2 buckler
rNeg    + + +        w - +3 ring mail "Aguitunn" {Fly rElec Regen+ Int+3}
rPois   ∞            (no helmet)
rElec   +            d - +0 cloak
rCorr   .            (no gloves)
SInv    .            H - +0 pair of boots {rampage}
Will    +....        x - amulet of reflection Stlth
                     k - +4 ring of protection
HPRegen 1.16/turn    p - ring "Sehyicku" {rN+ Str+2}
MPRegen 0.17/turn

%: reflection, rampage
@: flying, glowing
A: sickness immunity, AC +11, big wings, negative energy resistance 1,
electricity resistance, torment resistance 1, petrification resistance
a: Renounce Religion, Divine Shield, Cleansing Flame, Summon Divine Warrior


You were on level 12 of the Dungeon.
You worshipped the Shining One.
The Shining One was extremely pleased with you.
You visited 3 branches of the dungeon, and saw 18 of its levels.
You also visited: Gauntlet.

You collected 1058 gold pieces.
You spent 144 gold pieces at shops.


Innate Abilities, Weirdness & Mutations

You are immune to sickness and miasma.
Your stone body is resilient. (AC +11)
You are immune to poison.
Your large and strong wings let you fly.
You resist negative energy. (rN+)
You are resistant to electric shocks. (rElec)
You are resistant to unholy torment.
You are immune to petrification.


   Skills:
 - Level 14.0 Fighting
 + Level 15.6 Maces & Flails
 - Level 6.0 Throwing
 - Level 12.0 Armour
 - Level 10.0 Shields
 + Level 9.2 Invocations


You had 14 spell levels left.
You didn't know any spells.
Your spell library contained the following spells:

 Spells                   Type           Power      Damage    Failure   Level
 Magic Dart               Conj           0%         1d3       43%         1
 Necrotise                Necr           0%         1d4       43%         1
 Sandblast                Erth           0%         2d4       43%         1
 Summon Small Mammal      Summ           0%         N/A       43%         1
 Ensorcelled Hibernation  Hex/Ice        0%         N/A       58%         2
 Passwall                 Tmut/Erth      0%         N/A       58%         2
 Scorch                   Fire           0%         2d5       58%         2
 Call Canine Familiar     Summ           0%         N/A       82%         3
 Gell's Gravitas          Tloc           0%         N/A       82%         3
 Portal Projectile        Hex/Tloc       0%         N/A       82%         3
 Stone Arrow              Conj/Erth      0%         3d7       82%         3
 Summon Guardian Golem    Hex/Summ       0%         N/A       82%         3
 Swiftness                Air            0%         N/A       82%         3
 Teleport Other           Tloc           0%         N/A       82%         3
 Tukima's Dance           Hex            0%         N/A       82%         3
 Vampiric Draining        Necr           0%         2d6       82%         3
 Dispel Undead            Necr           0%         3d6       99%         4
 Flame Wave               Conj/Fire      0%         2d4       99%         4
 Sticky Flame             Conj/Fire      0%         2d3       99%         4
 Summon Lightning Spire   Summ/Air       0%         N/A       99%         4
 Agony                    Necr           0%         N/A       100%        5
 Blade Hands              Tmut           0%         N/A       100%        5
 Irradiate                Conj/Tmut      0%         3d11      100%        5
 Death Channel            Necr           0%         N/A       100%        6
 Dispersal                Tloc           0%         N/A       100%        6
 Summon Cactus Giant      Summ           0%         N/A       100%        6
 Dragon Form              Tmut           0%         N/A       100%        7
 Malign Gateway           Summ/Tloc      0%         N/A       100%        7
 Orb of Destruction       Conj           0%         9d5       100%        7
 Storm Form               Tmut/Air       0%         N/A       100%        7
 Maxwell's Capacitive Co  Air            0%         ∞         100%        8
 Summon Horrible Things   Summ           0%         N/A       100%        8
 Cigotuvi's Dreadful Rot  Necr/Pois/Air  Unusable   N/A       N/A         2

Inventory:

Hand Weapons
 a - a +1 morningstar of protection (weapon) {mace}
   (You took it off a molten gargoyle on level 5 of the Lair of Beasts)
 b - the +4 mace "Efueq" {freeze, Fly rPois, mace}
   (You found it on level 8 of the Dungeon)

   rPois:     It protects you from poison.
   Fly:       It grants you flight.
 t - the +5 whip of Anxiety {antimagic, *Corrode Fly rPois rC++, mace}
   (You found it on level 8 of the Dungeon)

   rC:        It greatly protects you from cold.
   rPois:     It protects you from poison.
   Fly:       It grants you flight.
   *Corrode:  It may corrode you when you take damage.
 A - a +2 whip of venom {mace}
   (You took it off a gnoll on level 8 of the Dungeon)
 E - the +0 long sword of Xom's Reproof {antimagic, rElec Int-5 Dex+8, long}
   (You found it on level 12 of the Dungeon)

   Int:       It affects your intelligence (-5).
   Dex:       It affects your dexterity (+8).
   rElec:     It insulates you from electricity.
 G - a +1 flail of holy wrath {mace}
   (You found it on level 4 of the Dungeon)
Missiles
 f - 14 boomerangs (quivered) {throwing}
 h - 115 stones {throwing}
 q - 2 throwing nets {=f!fthrowing}
 C - 3 silver boomerangs {throwing}
 Q - 11 poisoned darts {throwing}
 V - 5 silver javelins {throwing}
Armour
 d - a +0 cloak (worn)
   (You found it on level 12 of the Dungeon)
 w - the +3 ring mail "Aguitunn" (worn) {Fly rElec Regen+ Int+3}
   (You found it on level 3 of the Dungeon)

   Int:       It affects your intelligence (+3).
   rElec:     It insulates you from electricity.
   Fly:       It grants you flight.
   Regen:     It increases your rate of health regeneration.
 H - a +0 pair of boots of rampaging (worn)
   (You found it in a Gauntlet)
 X - a +2 buckler (worn)
   (You found it on level 4 of the Lair of Beasts)
Jewellery
 k - a +4 ring of protection (left hand)
   (You found it on level 1 of the Dungeon)
 p - the ring "Sehyicku" (right hand) {rN+ Str+2}
   (You found it in a Gauntlet)

   [ring of positive energy]

   Str:       It affects your strength (+2).
   rN:        It protects you from negative energy.
 x - an amulet of reflection (around neck)
   (You found it on level 8 of the Dungeon)
 y - a ring of see invisible
   (You found it on level 3 of the Dungeon)
 I - a ring of magical power
   (You found it on level 5 of the Dungeon)
 N - a ring of ice
   (You found it on level 9 of the Dungeon)
 O - an amulet of regeneration {@e2}
   (You found it on level 1 of the Lair of Beasts)
 R - a ring of ice
   (You found it on level 9 of the Dungeon)
Wands
 r - a wand of digging (8)
   (You found it on level 5 of the Lair of Beasts)
 s - a wand of polymorph (7)
   (You found it on level 7 of the Dungeon)
 J - a wand of light (44)
   (You found it on level 5 of the Dungeon)
 Y - a wand of mindburst (9)
   (You found it in a Gauntlet)
 Z - a wand of flame (14)
   (You found it on level 1 of the Lair of Beasts)
Scrolls
 c - a scroll of silence {!r}
 j - a scroll of fear
 l - 4 scrolls of identify {@r1}
 n - a scroll of butterflies
 o - 3 scrolls of immolation {!r!r}
 z - 2 scrolls of magic mapping {!r}
 F - 9 scrolls of teleportation {@r4}
 L - 3 scrolls of enchant weapon
 T - 5 scrolls of poison
 U - 2 scrolls of vulnerability {!r!r}
 W - a scroll of noise {!r}
Potions
 e - 10 potions of curing {@q1}
 g - 3 potions of cancellation
 i - a potion of lignification {!q}
 m - 2 potions of magic
 u - 5 potions of mutation {!q}
 v - 4 potions of brilliance
 B - a potion of ambrosia
 D - 5 potions of flight
 M - a potion of berserk rage {!q}
 P - a potion of invisibility
 S - a potion of resistance

Dungeon Overview and Level Annotations

Branches:
Dungeon (12/15) Zot: 25266  Temple (1/1) D:5 Zot: 5947    Lair (5/5) D:9 Zot: 25087
  Swamp (0/4) Lair:3       Spider (0/4) Lair:2        Slime (0/5) Lair:4
    Orc (0/2) D:9         Gauntlet (visited)

Altars:
Cheibriados
Dithmenos
Elyvilon
Fedhas
Gozag
Kikubaaqudgha
Makhleb
Okawaru
Ru
Sif Muna
Trog
Uskayaw
Vehumet
Wu Jian
Xom
Yredelemnul
Zin
The Shining One
Jiyva

Shops:
D:6 ?

Annotations:
D:5 1 runed translucent door
D:6 2 runed translucent doors
D:8 3 runed translucent doors, PoweredByGinger's ghost, novice MiGl
Lair:4 2 transporters, joshe's ghost, journeyman DECj

.....>#............÷[†......#.###
################.###............
......####...#.....#...)......##
.######.)'.♣.#.♣♣♣♣#...).......#
.#..)†...#.♣.#...♣ #...........#
.'.)######.♣.#.♣♣♣♣#..........##
.####........#.....#.........## #
## #.#########♣.♣##.......######
♣.♣♣♣§♣♣♣ ♣♣@♣♣#.......###...
♣...§§§.♣ ♣.~≈≈#.............
♣♣♣♣♣♣♣♣§§♣§♣#♣§.♣♣#........<....
........§§§§♣#§♣♣♣ #......##.##.#
♣♣♣♣♣♣♣p§§§§♣#C♣♣♣♣#.......#.....
♣ ....°#§§C§♣#~♣♣~♣#.....).......
♣ ### #♣§♣§♣♣~.~≈~#.........##..
♣ ♣.♣.)..).~.#.........##.. ♣
♣.♣.♣♣♣♣♣~♣#........#####


There were no monsters in sight!


Message History

Items here: ))) [[ †.
An orc comes into view. It is wielding a +0 hand axe.
An orc comes into view. It is wielding a +0 war axe.
Danger!
Unknown command.
The orc shouts! x2; You hear a shout!
You rampage towards the orc!
You block the orc's attack.
You bludgeon the orc!!
Your weapon exudes an aura of protection.
You kill the orc!
You hit the orc. The orc hits you but does no damage.
You barely miss the orc. You block the orc's attack.
You puncture the orc!
You kill the orc!
No target in view!
No target in view!
An orc comes into view. It is wielding a +0 club.
The orc shouts!
Danger!
You rampage towards the orc!
You bludgeon the orc!!
You kill the orc!
No target in view!
No target in view!
You pick up a book of Scorching and begin reading...
You add the spells Scorch, Flame Wave and Summon Cactus Giant to your library.
Unknown command.
You see here a +0 pair of boots.
There is a shaft here.
Things that are here:
a +0 robe; a +2 dagger of protection {short} A meliai comes into view.
It is wielding a +0 broad axe.
Danger!
The meliai buzzes angrily.
The meliai invokes the aid of its god against you.
Something smites you!
You rampage towards the meliai!
You bludgeon the meliai!!
Your weapon exudes an aura of protection.
The meliai hits you with a +0 broad axe.
You block the meliai's attack.
The meliai invokes the aid of its god against you.
Something smites you!
You puncture the meliai!
You kill the meliai!
The Shining One accepts your kill.
No target in view!
No target in view!
You see here a +0 short sword {short}.
A fire giant comes into view.
It is wielding a +3 great sword of flaming.
The fire giant shouts!
Danger!
The fire giant points at you and mumbles some strange words.
The bolt of fire hits you!
The tree burns like a torch!
You hear a shout!
You hit the fire giant but do no damage.
Your weapon exudes an aura of protection.
You block the fire giant's attack.
The forest fire spreads!
You puncture the fire giant!
The fire giant hits you with a +3 great sword of flaming.
The fire giant burns you.
You sock the fire giant! The fire giant casts a spell at you.
The bolt of fire hits you!!
The tree burns like a torch!
You are too injured to fight recklessly!
You are too injured to fight recklessly!
Unknown command.
You hit the fire giant. You completely miss the fire giant.
You block the fire giant's attack.
You puncture the fire giant! The fire giant closely misses you.
You hit the fire giant but do no damage.
The fire giant gestures at you while chanting.
The fireball explodes!
The fireball engulfs you!!
* * * LOW HITPOINT WARNING * * *
The tree burns like a torch!
The fireball engulfs the fire giant!
The fire giant resists.
You hear a shout!
The forest fire spreads!
You sock the fire giant! You hit the fire giant.
You are engulfed in blazing flames.
The fire giant casts a spell at you.
The bolt of fire hits you but does no damage.
You hit the fire giant but do no damage.
You are engulfed in blazing flames.
The fire giant is engulfed in blazing flames.
The fire giant gestures at you while chanting.
The fireball explodes!
The fireball engulfs you.
* * * LOW HITPOINT WARNING * * *
The fireball engulfs the fire giant!
The fire giant resists.
A death knight comes into view. It is wielding a +0 great sword.
The death knight shouts!
Really read
K - a scroll of blinking {!r}?
Blink to where?
Press: ? - help, Dir - move target
As you read the scroll of blinking {!r}, it crumbles to dust.
The fire giant is engulfed in blazing flames.
Danger!
You see here a +0 troll leather armour.
The fire giant casts a spell at you. The bolt of fire hits you!!!
Ouch! That really hurt!
You die...

Skill      XL: |  1  2  3  4  5  6  7  8  9 10 11 12 13 14 |
---------------+-------------------------------------------+-----
Maces & Flails | 3 4 5 7 8 10 12 13 15 | 15.6
Armour         | 4 5 6 7 9 11 12 | 12.0
Fighting       | 4 5 6 7 9 11 12 13 14 | 14.0
Shields        | 4 5 6 7 9 10 | 10.0
Invocations    | 2 5 6 9 |  9.2
Throwing       | 2 5 6 |  6.0

Action                     |  1- 3 |  4- 6 |  7- 9 | 10-12 | 13-15 || total
---------------------------+-------+-------+-------+-------+-------++-------
  Melee: Flail             |    75 |       |       |       |       ||    75
         Whip              |    35 |   199 |   452 |   250 |       ||   936
         Mace              |       |       |       |   434 |   421 ||   855
         Morningstar       |       |       |       |       |   415 ||   415
  Throw: Stone             |       |    12 |    21 |    19 |       ||    52
         Dart              |       |       |       |    12 |       ||    12
         Boomerang         |       |       |       |    10 |    40 ||    50
 Invoke: Divine Shield     |       |       |       |     1 |       ||     1
         Cleansing Flame   |       |       |       |     1 |       ||     1
         Summon Divine War |       |       |       |       |     1 ||     1
    Use: Scroll            |       |    11 |     4 |     7 |     5 ||    27
         Potion            |       |       |     1 |     4 |     4 ||     9
 Armour: Scale mail        |    54 |     6 |       |       |       ||    60
         Ring mail         |       |   102 |   213 |   221 |   367 ||   903
  Dodge: Dodged            |    46 |    88 |   179 |   177 |   228 ||   718
  Block: Buckler           |    27 |    35 |    74 |   245 |   431 ||   812
         Reflection        |       |       |       |     1 |     7 ||     8

Levels and vault maps discovered:
D:1:      amcnicky_arrival_choice, layout_basic, kennysheep_another_room
D:2:      layout_loops_ring, shapermc_ecumenical_altar_petra, basic_altar,
          nrook_campfire, grunt_ministairs_3
D:3:      layout_loops_ring
D:4:      layout_rooms
D:5:      layout_basic, dk_yredelemnul_ordeal, mainiacjoe_overflow_24_doors,
          minmay_temple_entry_large_hall, hangedman_abyss_or_decor_stagger,
          hangedman_abyss_or_decor_lesser_grid
D:6:      lemuel_insect_pit, layout_rooms, serial_shops, shop, hex_intersection
D:7:      minmay_angry_zag, layout_rooms, nicolae_ru_great_annihilating_truth,
          mainiacjoe_overflow_concentric_impassable, eino_jars
D:8:      layout_loops_ring, lemuel_tele_altar, gammafunk_ghost_ooze,
          hangedman_abyss_or_decor_stabs
D:9:      layout_loops_corners, mainiacjoe_overflow_alcove_4,
          grunt_temple_overflow_open, erik_lair_island, orc_0_dummy
D:10:     layout_basic, nicolae_gozag_seed_capital
D:11:     layout_gridville, gauntlet_entry_generic
D:12:     nzn_winding_woodlands_large [nzn_winding_woodlands_5x5_checkerboard,
          nzn_winding_woodlands_5x15_lazy_stream,
          nzn_winding_woodlands_5x5_three,
          nzn_winding_woodlands_center_pierced_h,
          nzn_winding_woodlands_15x15_boxy_spiral,
          nzn_winding_woodlands_center_lodge, nzn_winding_woodlands_5x5_default,
          nzn_winding_woodlands_5x15_cabin, nzn_winding_woodlands_5x5_cross],
          layout_cave_pools, palyth_stone_intersect
Temple:   nicolae_temple_bog_church
Lair:1:   layout_misc_corridors, grunt_megastairs_5, lemuel_fruit_fields
Lair:2:   layout_regular_city, spider_nest_entry_webs, infiniplex_staircase_pool
Lair:3:   layout_cave_shapes, minmay_swamp_entry_worms, minmay_hedge_maze
Lair:4:   layout_misc_corridors, dpeg_slime_entry_enclosed,
          gammafunk_ghost_hive, grunt_megastairs_3, infiniplex_staircase_pool_2
Lair:5:   cheibrodos_lair_end_hotspot, layout_cellular_growth

Notes
Turn   | Place    | Note
-------+----------+-------------------------------------------
     0 | D:1      | Sobieck the Gargoyle Fighter began the quest for the Orb.
     0 | D:1      | Reached XP level 1. HP: 14/14 MP: 1/1
   357 | D:1      | Reached XP level 2. HP: 19/19 MP: 2/2
   773 | D:2      | Found a basalt altar of Yredelemnul.
   781 | D:2      | Reached XP level 3. HP: 20/23 MP: 3/3
  1139 | D:2      | You add the spells Gell's Gravitas, Teleport Other and
                  | Dispersal to your library.
  1209 | D:2      | Found a faded altar of an unknown god.
  1341 | D:2      | Reached skill level 3 in Maces & Flails
  1341 | D:2      | Reached XP level 4. HP: 21/29 MP: 4/4
  1628 | D:3      | Identified the +3 ring mail "Aguitunn" {Fly rElec Regen+
                  | Int+3}
  2313 | D:4      | Reached skill level 4 in Armour
  2372 | D:4      | Reached skill level 4 in Fighting
  2372 | D:4      | Reached skill level 4 in Shields
  2372 | D:4      | Reached XP level 5. HP: 33/33 MP: 5/5
  2645 | D:4      | Reached skill level 4 in Maces & Flails
  2649 | D:4      | Reached XP level 6. HP: 32/38 MP: 6/6
  2921 | D:5      | Entered Level 5 of the Dungeon
  2924 | D:5      | Found a runed translucent door.
  2924 | D:5      | Noticed a human
  2948 | D:5      | Found a basalt altar of Yredelemnul.
  2990 | D:5      | Noticed a black bear
  3001 | D:5      | Killed a black bear
  3178 | D:5      | You pick up a book of Necromancy and begin reading...
  3178 | D:5      | You add the spells Necrotise, Vampiric Draining and Agony
                  | to your library.
  3195 | D:5      | Found a radiant altar of Vehumet.
  3405 | D:5      | Found a staircase to the Ecumenical Temple.
  3414 | Temple   | Entered the Ecumenical Temple
  3453 | Temple   | Became a worshipper of the Shining One
  3518 | D:5      | Reached XP level 7. HP: 38/44 MP: 7/7
  3716 | D:5      | Reached skill level 5 in Maces & Flails
  3720 | D:5      | Reached skill level 5 in Armour
  3997 | D:6      | Reached skill level 5 in Fighting
  3997 | D:6      | Reached skill level 5 in Shields
  4018 | D:6      | Noticed a steam dragon
  4065 | D:5      | Killed a steam dragon
  4066 | D:5      | Reached XP level 8. HP: 44/49 MP: 8/8
  4080 | D:6      | Reached skill level 6 in Maces & Flails
  4304 | D:6      | Reached skill level 6 in Fighting
  4459 | D:6      | Identified the +1 long sword of Duty {heavy, *Rage rPois
                  | Str+3 Int+4}
  4477 | D:6      | Reached skill level 6 in Armour
  4477 | D:6      | Reached skill level 6 in Shields
  4580 | D:6      | Found a runed translucent door.
  4653 | D:6      | Found Kighenkoa's Magic Scroll Emporium.
  4662 | D:6      | Bought a scroll of immolation for 48 gold pieces
  4662 | D:6      | Bought a scroll of butterflies for 48 gold pieces
  4662 | D:6      | Bought a scroll of poison for 48 gold pieces
  4715 | D:6      | Reached skill level 7 in Maces & Flails
  4736 | D:6      | Found a runed translucent door.
  4850 | D:7      | Found a sacrificial altar of Ru.
  4907 | D:7      | Reached XP level 9. HP: 56/56 MP: 9/9
  5199 | D:6      | Reached * piety under the Shining One
  5327 | D:7      | Reached skill level 8 in Maces & Flails
  5380 | D:7      | Found a burning altar of Makhleb.
  5390 | D:7      | You pick up a book of Weapons and begin reading...
  5390 | D:7      | You add the spells Tukima's Dance, Portal Projectile and
                  | Blade Hands to your library.
  5451 | D:7      | Reached skill level 7 in Fighting
  5451 | D:7      | Reached skill level 1 in Invocations
  5618 | D:7      | Reached skill level 7 in Armour
  5618 | D:7      | Reached skill level 7 in Shields
  5681 | D:8      | Identified the +4 mace "Efueq" {freeze, Fly rPois}
  5796 | D:8      | Reached skill level 2 in Invocations
  5888 | D:8      | Identified the +5 whip of Anxiety {antimagic, *Corrode Fly
                  | rPois rC++}
  5944 | D:8      | Found a runed translucent gate.
  5944 | D:8      | Found a runed translucent gate.
  5944 | D:8      | Found a runed translucent gate.
  5945 | D:8      | Found a viscous altar of Jiyva.
  5945 | D:8      | Noticed PoweredByGinger's ghost (novice MiGl)
  6031 | D:8      | Reached XP level 10. HP: 55/63 MP: 10/12
  6038 | D:8      | Reached skill level 9 in Maces & Flails
  6038 | D:8      | Reached skill level 3 in Invocations
  6074 | D:8      | You pick up a book of Geomancy and begin reading...
  6074 | D:8      | You add the spells Sandblast, Passwall and Stone Arrow to
                  | your library.
  6363 | D:8      | Found a shadowy altar of Dithmenos.
  6744 | D:9      | Reached ** piety under the Shining One
  6780 | D:9      | Reached skill level 8 in Fighting
  6791 | D:9      | Reached skill level 8 in Armour
  6801 | D:9      | Reached skill level 4 in Invocations
  6894 | D:9      | Found a staircase to the Lair.
  6911 | D:9      | Found a staircase to the Orcish Mines.
  6950 | D:9      | Found an ancient bone altar of Kikubaaqudgha.
  6978 | D:9      | Reached skill level 10 in Maces & Flails
  7003 | D:9      | Reached skill level 5 in Invocations
  7035 | D:9      | Found a snail-covered altar of Cheibriados.
  7036 | D:9      | Found a shimmering altar of Xom.
  7037 | D:9      | You add the spells Malign Gateway and Summon Horrible
                  | Things to your library.
  7045 | D:9      | Found a shimmering blue altar of Sif Muna.
  7323 | D:9      | You pick up a book of Callings and begin reading...
  7323 | D:9      | You add the spells Summon Small Mammal, Call Canine
                  | Familiar and Summon Guardian Golem to your library.
  7347 | D:9      | Found an ornate altar of the Wu Jian Council.
  7537 | D:9      | Reached skill level 9 in Fighting
  7693 | D:10     | Entered Level 10 of the Dungeon
  7780 | D:10     | Found an opulent altar of Gozag.
  7912 | D:10     | Noticed a gargoyle
  7929 | D:10     | Killed a gargoyle
  7930 | D:10     | Reached skill level 9 in Armour
  7930 | D:10     | Reached XP level 11. HP: 61/71 MP: 15/15
  7945 | D:10     | Noticed a two-headed ogre
  7955 | D:10     | Killed a two-headed ogre
  7956 | D:10     | Reached skill level 6 in Invocations
  8003 | D:10     | Noticed a two-headed ogre
  8016 | D:10     | Killed a two-headed ogre
  8449 | D:11     | Found a gate leading to a gauntlet.
  8483 | Gauntlet | Entered a Gauntlet
  8483 | Gauntlet | Found a transporter.
  8495 | Gauntlet | Found a transporter.
  8498 | Gauntlet | Noticed a shining eye
  8506 | Gauntlet | Found a transporter.
  8509 | Gauntlet | Found a transporter.
  8511 | Gauntlet | Noticed a wolf spider
  8513 | Gauntlet | Found a runed translucent door.
  8514 | Gauntlet | Found a runed translucent door.
  8517 | Gauntlet | Found a transporter.
  8517 | Gauntlet | Noticed an entropy weaver
  8533 | Gauntlet | Found a transporter.
  8546 | Gauntlet | Found a transporter.
  8553 | Gauntlet | Found a transporter.
  8553 | Gauntlet | Noticed a catoblepas
  8555 | Gauntlet | Reached *** piety under the Shining One
  8567 | Gauntlet | Found a transporter.
  8570 | Gauntlet | Found a runed translucent door.
  8577 | Gauntlet | Found a transporter.
  8581 | Gauntlet | Found a transporter.
  8592 | Gauntlet | Found a transporter.
  8663 | Gauntlet | Found a transporter.
  8688 | Gauntlet | Found a transporter.
  8900 | Gauntlet | Reached skill level 10 in Fighting
  8930 | Gauntlet | HP: 15/72 [meliai/divine providence (11)]
  8935 | Gauntlet | HP: 18/72 [meliai/divine providence (11)]
  8937 | Gauntlet | Reached skill level 10 in Armour
  8945 | Gauntlet | Identified the ring "Sehyicku" {rN+ Str+2}
  9004 | Gauntlet | Noticed a minotaur
  9030 | Gauntlet | HP: 18/72 [minotaur/staff of earth (12)]
  9032 | Gauntlet | Killed a minotaur
  9091 | Gauntlet | Found the +8 arc blade {discharge, rElec}
  9097 | Gauntlet | You add the spells Magic Dart, Sticky Flame and Orb of
                  | Destruction to your library.
  9097 | Gauntlet | Got the Anthology of Trauma
  9097 | Gauntlet | You pick up a book of the Sky and begin reading...
  9097 | Gauntlet | You add the spells Summon Lightning Spire, Storm Form and
                  | Maxwell's Capacitive Coupling to your library.
  9587 | D:11     | Noticed a cyclops
  9594 | D:11     | Killed a cyclops
  9732 | Lair:1   | Entered Level 1 of the Lair of Beasts
  9874 | Lair:1   | Reached skill level 11 in Armour
  9879 | Lair:1   | Reached skill level 11 in Fighting
  9891 | Lair:1   | Reached XP level 12. HP: 66/80 MP: 16/16
  9928 | Lair:1   | Reached skill level 11 in Maces & Flails
 10275 | Lair:1   | Upgraded the game from 0.30.0-10-gfe55d96785 to
                  | 0.30.0-11-gf55b779eaf
 10594 | Lair:2   | Noticed a death yak
 10595 | Lair:2   | Noticed a death yak
 10614 | Lair:2   | Noticed a death yak
 10634 | Lair:2   | Killed a death yak
 10646 | Lair:2   | Killed a death yak
 10661 | Lair:1   | Killed a death yak
 10662 | Lair:1   | Reached skill level 12 in Fighting
 10662 | Lair:1   | Reached skill level 12 in Armour
 10751 | Lair:2   | Reached skill level 12 in Maces & Flails
 10850 | Lair:2   | Noticed a four-headed hydra
 10871 | Lair:2   | Killed a four-headed hydra
 10872 | Lair:2   | Reached skill level 1 in Throwing
 11274 | Lair:2   | Found a hole to the Spider Nest.
 11290 | Lair:2   | Reached skill level 2 in Throwing
 11488 | Lair:2   | Reached **** piety under the Shining One
 11661 | Lair:3   | Noticed a four-headed hydra
 11691 | Lair:2   | Killed a four-headed hydra
 11713 | Lair:3   | Reached XP level 13. HP: 78/87 MP: 17/17
 11729 | Lair:3   | Reached skill level 8 in Shields
 11974 | Lair:3   | Reached skill level 3 in Throwing
 12040 | Lair:3   | Found a staircase to the Swamp.
 12295 | Lair:4   | Noticed joshe's ghost (journeyman DECj)
 12305 | Lair:4   | Found a transporter.
 12310 | Lair:4   | Found a transporter.
 12386 | Lair:4   | You pick up a book of Burglary and begin reading...
 12386 | Lair:4   | You add the spells Ensorcelled Hibernation and Swiftness to
                  | your library.
 12419 | Lair:4   | You pick up a book of Decay {forbidden} and begin
                  | reading...
 12419 | Lair:4   | You add the spells Dispel Undead and Death Channel to your
                  | library.
 12509 | Lair:4   | Found a viscous altar of Jiyva.
 12509 | Lair:4   | Found a staircase to the Slime Pits.
 12720 | Lair:5   | Entered Level 5 of the Lair of Beasts
 12849 | Lair:4   | Reached skill level 4 in Throwing
 12852 | Lair:4   | Reached skill level 13 in Fighting
 13073 | Lair:5   | Reached skill level 9 in Shields
 13114 | Lair:5   | Reached skill level 13 in Maces & Flails
 13364 | Lair:5   | Reached skill level 5 in Throwing
 14032 | Lair:5   | Gained mutation: Your large and strong wings let you fly.
                  | [Gargoyle growth]
 14032 | Lair:5   | Reached XP level 14. HP: 95/95 MP: 18/18
 14049 | Lair:5   | Reached skill level 10 in Shields
 14113 | Lair:5   | Reached skill level 6 in Throwing
 14161 | Lair:5   | Found a large runed translucent door.
 14162 | Lair:5   | Found a large runed translucent door.
 14252 | Lair:5   | Reached skill level 14 in Fighting
 14332 | Lair:5   | Reached skill level 14 in Maces & Flails
 14598 | Lair:5   | Identified the +1 short sword of False Hope {spect, Str+6}
 14818 | D:12     | Reached ***** piety under the Shining One
 14997 | D:12     | Noticed a storm dragon
 15016 | D:12     | Killed a storm dragon
 15019 | D:12     | +0 storm dragon scales {rare}; a storm dragon corpse
 15164 | D:12     | +0 storm dragon scales {rare}; a storm dragon corpse
 15166 | D:12     | +0 storm dragon scales {rare}; a storm dragon corpse
 15198 | D:12     | Reached skill level 7 in Invocations
 15263 | D:12     | Reached skill level 15 in Maces & Flails
 15350 | D:12     | +0 storm dragon scales {rare}; a storm dragon skeleton
 15351 | D:12     | d - +0 storm dragon scales {rare}
 15357 | D:12     | You drop +0 storm dragon scales {rare}.
 15418 | D:12     | You pick up a book of Transfigurations {@e2} and begin
                  | reading...
 15418 | D:12     | You add the spells Irradiate and Dragon Form to your
                  | library.
 15660 | D:12     | Noticed a frost giant
 15685 | D:12     | HP: 3/96 [frost giant/bolt of cold (34)]
 15688 | D:12     | Killed a frost giant
 15689 | D:12     | Reached skill level 8 in Invocations
 15948 | D:12     | HP: 17/96 [enormous slime creature (66)]
 16242 | D:12     | Reached skill level 9 in Invocations
 16254 | D:12     | Identified the +0 long sword of Xom's Reproof {antimagic,
                  | rElec Int-5 Dex+8}
 16273 | D:12     | Reached XP level 15. HP: 72/100 MP: 18/21
 16472 | D:12     | You pick up a book of Scorching and begin reading...
 16472 | D:12     | You add the spells Scorch, Flame Wave and Summon Cactus
                  | Giant to your library.
 16595 | D:12     | Noticed a fire giant
 16614 | D:12     | Killed from afar by a fire giant

Vanquished Creatures
  A storm dragon (D:12)
  A frost giant (D:12)
  A minotaur (Gauntlet)
  2 fire dragons
  A catoblepas (Lair:5)
  4 hydras
  A centaur warrior (D:12)
  A death knight (D:12)
  2 boulder beetles (D:12)
  6 two-headed ogres
  3 death yaks
  2 skysharks
  2 deep elf pyromancers (D:12)
  A phantasmal warrior (D:12)
  An ugly thing (D:12)
  A manticore (D:12)
  A lindwurm (Lair:5)
  2 cyclopes
  9 elephants
  2 molten gargoyles (Lair:5)
  An eye of devastation (Gauntlet)
  6 black mambas
  5 gargoyles
  A rime drake (Lair:5)
  13 cane toads
  An unseen horror (D:11)
  A kobold demonologist (D:12)
  13 komodo dragons
  4 trolls
  4 meliai
  4 polar bears
  14 blink frogs
  13 slime creatures
  2 wraiths (D:12)
  A shadow (D:11)
  A ynoxinul (Gauntlet)
  8 basilisks
  6 wyverns
  53 yaks
  A golden eye (Gauntlet)
  A redback (Lair:2)
  4 vampire mosquitoes
  3 steam dragons
  3 hell hounds (Lair:5)
  17 water moccasins
  4 ice beasts
  3 orc warriors
  4 black bears
  10 wolves
  2 phantoms
  16 bullfrogs
  A scorpion (D:6)
  A gnoll sergeant (D:8)
  12 killer bees
  5 howler monkeys
  2 electric eels (D:9)
  5 lava snakes (Lair:5)
  5 hounds
  8 orc priests
  3 jellies (D:5)
  A sleepcap (D:6)
  3 iron imps (Gauntlet)
  A gnoll bouda (D:4)
  An iguana (D:5)
  14 orc wizards
  16 gnolls
  6 adders
  2 shadow imps
  A white imp (D:7)
  An ufetubus (D:5)
  A worm (D:2)
  2 dart slugs
  39 orcs
  6 ball pythons
  7 endoplasms
  3 giant cockroaches
  11 hobgoblins
  4 jackals
  6 kobolds
  6 quokkas
  4 bats
  5 frilled lizards
  7 goblins
  A kobold skeleton (D:5)
  A kobold zombie (D:5)
  3 rats
457 creatures vanquished.

Vanquished Creatures (collateral kills)
  An ettin (D:12)
  2 ugly things (D:12)
  A cyclops (D:12)
4 creatures vanquished.

Grand Total: 461 creatures vanquished

Table legend:
 A = Non-vault XP
 B = Vault XP
 C = Vault XP percentage of total XP
 D = Non-vault monster count
 E = Vault monster count
 F = Vault count percentage of total count
                 A         B        C        D         E       F
            +---------+---------+-------+---------+---------+-------
      Total |   56189 |   30995 |  35.6 |     360 |     101 |  21.9
            +---------+---------+-------+---------+---------+-------
        D:1 |      29 |       0 |   0.0 |      18 |       0 |   0.0
        D:2 |      56 |       3 |   5.1 |      24 |       2 |   7.7
        D:3 |      26 |       0 |   0.0 |       7 |       0 |   0.0
        D:4 |     247 |       0 |   0.0 |      29 |       0 |   0.0
        D:5 |     660 |       2 |   0.3 |      15 |       2 |  11.8
        D:6 |    1340 |       0 |   0.0 |      33 |       0 |   0.0
        D:7 |     537 |     781 |  59.3 |      15 |      17 |  53.1
        D:8 |    1762 |       0 |   0.0 |      18 |       0 |   0.0
        D:9 |    2838 |     716 |  20.1 |      25 |       7 |  21.9
       D:10 |    2223 |       0 |   0.0 |       6 |       0 |   0.0
       D:11 |    2610 |     328 |  11.2 |      10 |       1 |   9.1
       D:12 |    6796 |   16904 |  71.3 |      31 |      30 |  49.2
     Lair:1 |    7762 |     189 |   2.4 |      31 |       1 |   3.1
     Lair:2 |    7763 |     184 |   2.3 |      29 |       1 |   3.3
     Lair:3 |    3026 |     639 |  17.4 |      12 |       2 |  14.3
     Lair:4 |    5720 |       0 |   0.0 |      21 |       0 |   0.0
     Lair:5 |   12794 |    8401 |  39.6 |      36 |      28 |  43.8
   Gauntlet |       0 |    2848 | 100.0 |       0 |      10 | 100.0
            +---------+---------+-------+---------+---------+-------

Skill      XL: |  1  2  3  4  5  6  7  8  9 10 11 12 13 14 |
---------------+-------------------------------------------+-----
Maces & Flails | 3 4 5 7 8 10 12 13 15 | 15.6
Armour         | 4 5 6 7 9 11 12 | 12.0
Fighting       | 4 5 6 7 9 11 12 13 14 | 14.0
Shields        | 4 5 6 7 9 10 | 10.0
Invocations    | 2 5 6 9 |  9.2
Throwing       | 2 5 6 |  6.0

Action                     |  1- 3 |  4- 6 |  7- 9 | 10-12 | 13-15 || total
---------------------------+-------+-------+-------+-------+-------++-------
  Melee: Flail             |    75 |       |       |       |       ||    75
         Whip              |    35 |   199 |   452 |   250 |       ||   936
         Mace              |       |       |       |   434 |   421 ||   855
         Morningstar       |       |       |       |       |   415 ||   415
  Throw: Stone             |       |    12 |    21 |    19 |       ||    52
         Dart              |       |       |       |    12 |       ||    12
         Boomerang         |       |       |       |    10 |    40 ||    50
 Invoke: Divine Shield     |       |       |       |     1 |       ||     1
         Cleansing Flame   |       |       |       |     1 |       ||     1
         Summon Divine War |       |       |       |       |     1 ||     1
    Use: Scroll            |       |    11 |     4 |     7 |     5 ||    27
         Potion            |       |       |     1 |     4 |     4 ||     9
 Armour: Scale mail        |    54 |     6 |       |       |       ||    60
         Ring mail         |       |   102 |   213 |   221 |   367 ||   903
  Dodge: Dodged            |    46 |    88 |   179 |   177 |   228 ||   718
  Block: Buckler           |    27 |    35 |    74 |   245 |   431 ||   812
         Reflection        |       |       |       |     1 |     7 ||     8

Illustrated notes

Table legend:
 A = Kills in this place as a percentage of kills in the entire game.
 B = Kills by you in this place as a percentage of kills by you in the entire game.
 C = Kills by friends in this place as a percentage of kills by friends in the entire game.
 D = Other kills in this place as a percentage of other kills in the entire game.
 E = Experience gained in this place as a percentage of experience gained in the entire game.
 F = Experience gained in this place divided by the number of levels of this place that you have seen.
                   A       B       C       D       E      F
               +-------+-------+-------+-------+-------+----------------------
         Total | 100.0 | 100.0 | 100.0 |   N/A | 100.0 | 4588.6
       Dungeon |  62.9 |  62.6 | 100.0 |   N/A |  43.4 | 3154.8
          Lair |  34.9 |  35.2 |   0.0 |   N/A |  53.3 | 9295.6
      Gauntlet |   2.2 |   2.2 |   0.0 |   N/A |   3.3 | 2848.0
               +-------+-------+-------+-------+-------+----------------------

Table legend: (Time is in decaauts)
 A = Elapsed time spent in this place.
 B = Non-inter-level travel time spent in this place.
 C = Inter-level travel time spent in this place.
 D = Time resting spent in this place.
 E = Time spent auto-exploring this place.
 F = Levels seen in this place.
 G = Mean time per level.
                   A        B        C        D        E       F      G
               +--------+--------+--------+--------+--------+-----+--------+
         Total |  16196 |  15480 |    716 |    782 |  10183 |  19 |  852.4 |
       Dungeon |  10645 |  10130 |    515 |    366 |   7104 |  12 |  887.1 |
        Temple |     52 |     39 |     13 |      0 |     32 |   1 |   52.0 |
          Lair |   4841 |   4653 |    188 |    272 |   2950 |   5 |  968.2 |
      Gauntlet |    657 |    657 |      0 |    144 |     97 |   1 |  657.0 |
               +--------+--------+--------+--------+--------+-----+--------+

Top non-repeatable levels by time:
  Lair:5: 1680 daAuts
    D:12: 1644 daAuts
     D:9: 1124 daAuts
     D:5: 1030 daAuts
  Lair:2: 929 daAuts
  Lair:1: 910 daAuts
     D:8: 866 daAuts
  Lair:4: 810 daAuts
     D:6: 806 daAuts
     D:1: 777 daAuts
     D:7: 765 daAuts
     D:4: 743 daAuts
     D:2: 739 daAuts
    D:10: 733 daAuts
    D:11: 724 daAuts
